 Dungeon Crawl Stone Soup version 0.30.0-29-ga12c61a403 (webtiles) character file.

Game seed: 15700977135048146615

425 boopmooplesden the Poker (level 6, -4/53 HPs)
             Began as a Draconian Berserker on June 23, 2023.
             Was a Priest of Trog.
             Killed by divine providence
             ... invoked by an orc priest
              (12 damage)
             ... on level 5 of the Dungeon.
             The game lasted 00:05:55 (4620 turns).

boopmooplesden the Poker (Draconian Berserker)      Turns: 4620, Time: 00:05:55

Health: -4/53      AC:  7    Str: 19    XL:     6   Next: 64%
Magic:  6/6        EV: 13    Int:  8    God:    Trog [***...]
Gold:   265        SH:  0    Dex: 12    Spells: 5/5 levels left

rFire   . . .        a - +0 spear
rCold   . . .        (no shield)
rNeg    . . .        (body armour unavailable)
rPois   .            (helmet restricted)
rElec   .            (no cloak)
rCorr   .            h - +0 pair of gloves
SInv    .            (no boots)
Will    .....        (no amulet)
Stlth   +            (no ring)
HPRegen 0.28/turn    (no ring)
MPRegen 0.10/turn

%: no passive effects
@: on berserk cooldown, slowed, very slow
A: AC +6, unfitting armour, cold-blooded
a: Renounce Religion, Berserk, Trog's Hand


You were on level 5 of the Dungeon.
You worshipped Trog.
Trog was most pleased with you.
You visited 1 branch of the dungeon, and saw 5 of its levels.

You collected 265 gold pieces.

Inventory:

Hand Weapons
 a - a +0 spear (weapon)
Missiles
 c - 8 boomerangs (quivered)
Armour
 g - an orb of wrath
 h - a +0 pair of gloves (worn)
Jewellery
 m - an amulet of magic regeneration
 n - a ring of flight
 u - a ring of resist corrosion
Scrolls
 i - a scroll of vulnerability
 l - 4 scrolls of blinking
 q - a scroll of teleportation
 t - a scroll of fear
Potions
 b - 5 potions of heal wounds
 d - a potion of attraction
 e - a potion of haste
 f - 2 potions of might
 j - a potion of degeneration {unknown}
 k - a potion of curing {unknown}
 o - 2 potions of cancellation {unknown}
 p - 2 potions of magic {unknown}
 r - 2 potions of brilliance {unknown}
 s - a potion of flight {unknown}


   Skills:
 + Level 4.6 Fighting
 + Level 5.4 Polearms
 + Level 4.6 Dodging
 + Level 0.9 Stealth


You had 5 spell levels left.
You didn't know any spells.
Your spell library was empty.

Dungeon Overview and Level Annotations

Branches:
Dungeon (5/15)
 Temple: D:4-7

Altars:
Fedhas
The Shining One

Shops:
D:4 *


Innate Abilities, Weirdness & Mutations

Your plain brown scales are hard. (AC +6)
You cannot fit into any form of body armour.
You are cold-blooded and may be slowed by cold attacks.


Message History

An orc comes into view. It is wielding a +0 hand axe.
The orc shouts!
You hear a shout!
Items here: ))) / [[ ††.
You feel a strong urge to attack something.
An orc comes into view.
It is wielding a +2 war axe of electrocution and wearing a +2 ring mail of positive energy.
The orc shouts!
You hear a shout!
The orc priest looks braver for a moment.
The orc hits you with a +0 whip.
An orc comes into view. It is wielding a +0 whip.
You feel your anger nearly subside.
You are no longer berserk.
You are exhausted.
You feel yourself slow down.
The orc priest hits you with a +0 falchion.
You hit the orc priest.
The orc priest is heavily wounded.
The orc priest hits you but does no damage.
The orc barely misses you. The orc misses you.
You barely miss the orc priest.
The orc priest is heavily wounded.
The orc priest misses you. The orc closely misses you.
The orc completely misses you.
You barely miss the orc priest.
The orc priest is heavily wounded.
The orc priest completely misses you. The orc barely misses you.
The orc completely misses you.
You hit the orc priest.
The orc priest is almost dead.
The orc priest closely misses you. The orc hits you with a +0 whip.
The orc hits you but does no damage.
You hit the orc priest but do no damage.
The orc priest is almost dead.
The orc priest barely misses you. The orc closely misses you.
The orc hits you with a +0 hand axe.
The orc hits you with a +2 war axe of electrocution.
The orc hits you but does no damage.
You are electrocuted!!
* * * LOW HITPOINT WARNING * * *
The orc barely misses you.
The orc priest invokes the aid of Beogh against you.
Beogh smites you!
You die...

...... .....
.###...##############
.....................
#......####.######## #
#......)†.......#
#..######.####.###.#####
#.....o..)# #.# #.##...
#.....o@o## #.# #....##
......oo.+ #.# ####...
.........# #.# #.#.
........?# #.# #.#.
.........# #.. ..#.
.........# ##########.
.######### #...# #..
####...###..
#...........


You could see an orc priest and 4 orcs.

Vanquished Creatures
  2 orc priests (D:3)
  An iguana (D:5)
  4 orc wizards
  Robin (D:2)
  7 gnolls
  6 adders
  4 worms
  2 dart slugs
  11 orcs
  4 endoplasms
  A giant cockroach (D:1)
  17 goblins
  9 hobgoblins
  3 jackals (D:2)
  3 quokkas
  8 ball pythons
  9 bats
  4 frilled lizards
  8 kobolds
  7 rats
111 creatures vanquished.

Notes
Turn   | Place    | Note
-------+----------+-------------------------------------------
     0 | D:1      | boopmooplesden the Draconian Berserker began the quest for
                  | the Orb.
     0 | D:1      | Reached XP level 1. HP: 19/19 MP: 1/1
   167 | D:1      | Reached XP level 2. HP: 19/26 MP: 2/2
   832 | D:2      | Reached ** piety under Trog
   833 | D:2      | Reached XP level 3. HP: 29/33 MP: 3/3
  1166 | D:2      | Reached XP level 4. HP: 40/40 MP: 4/4
  1237 | D:2      | Noticed Robin
  1295 | D:2      | Killed Robin
  1296 | D:2      | Reached skill level 4 in Polearms
  1619 | D:3      | Reached *** piety under Trog
  2041 | D:3      | Reached XP level 5. HP: 46/46 MP: 5/5
  2183 | D:3      | Found a blossoming altar of Fedhas.
  2905 | D:3      | Reached XP level 6. HP: 31/53 MP: 6/6
  3021 | D:3      | Reached skill level 5 in Polearms
  3558 | D:4      | Found Nuzomunyl's Overcharged Wands.
  3838 | D:4      | Found a glowing golden altar of the Shining One.
  4343 | D:5      | Entered Level 5 of the Dungeon
  4620 | D:5      | Killed from afar by an orc priest

Illustrated notes

Levels and vault maps discovered:
D:1:      matt_arrival_grand_opening, layout_basic
D:2:      layout_basic, minmay_cupped, uniq_robin
D:3:      layout_loops_corners, fedhas_altar_1, lexackson_kobold_supper
D:4:      layout_loops_ring, tso_altar, chequers_serial_rivers_small_b,
          nicolae_shop_overcharged_wands
D:5:      layout_basic, nicolae_elyvilon_temple_path, moated_statue,
          grunt_decor_arrowhead

Skill      XL: |  1  2  3  4  5  6 |
---------------+-------------------+-----
Dodging        | 3 4 |  4.6
Polearms       | 4 5 |  5.4
Fighting       | 4 |  4.6
Stealth        | |  0.9

Action                     |  1- 3 |  4- 6 || total
---------------------------+-------+-------++-------
  Melee: Spear             |   106 |   321 ||   427
         Tailslap          |    15 |    36 ||    51
 Invoke: Berserk           |     1 |     7 ||     8
         Trog's Hand       |       |     1 ||     1
    Use: Scroll            |       |    10 ||    10
   Stab: Sleeping          |     1 |       ||     1
 Armour: Skin              |    32 |   106 ||   138
  Dodge: Dodged            |    87 |   214 ||   301
